 Dungeon Crawl Stone Soup version 0.27-a0-1184-ge86db4a01e (webtiles) character file.

Game seed: 4967218512207645798

48 Shayle the Gusty (level 3, -2/24 HPs)
             Began as a Demonspawn Air Elementalist on May 18, 2021.
             Slain by a worm (9 damage)
             ... on level 2 of the Dungeon.
             The game lasted 00:04:33 (1638 turns).

Shayle the Gusty (Demonspawn Air Elementalist)      Turns: 1638, Time: 00:04:33

Health: -2/24      AC:  4    Str:  8    XL:     3   Next: 50%
Magic:  6/6        EV: 12    Int: 17    God:
Gold:   54         SH:  0    Dex: 13    Spells: 3/6 levels left

rFire    . . .     SeeInvis .   c - +0 mace
rCold    . . .     Faith    .   (no shield)
rNeg     . . .     Spirit   .   a - +0 robe
rPois    .         Reflect  .   (no helmet)
rElec    .         Harm     .   g - +1 cloak {Stlth+}
rCorr    .         Rampage  .   (no gloves)
Will     .....                  (no boots)
Stlth    +++.......             (no amulet)
HPRegen  0.08/turn              (no ring)
MPRegen  0.10/turn              (no ring)

@: no status effects
A: talons 1
a: no special abilities


You were on level 2 of the Dungeon.
You visited 1 branch of the dungeon, and saw 2 of its levels.

You collected 54 gold pieces.

Inventory:

Hand Weapons
 c - a +0 mace (weapon)
Missiles
 d - 8 atropa-tipped darts
Armour
 a - a +0 robe (worn)
 g - a +1 cloak of stealth (worn)
Jewellery
 h - an amulet of magic regeneration
Scrolls
 b - a scroll of summoning {unknown}
 f - a scroll of vulnerability {unknown}
Potions
 e - 2 potions of curing {unknown}
 i - a potion of heal wounds {unknown}
 j - a potion of flight {unknown}


   Skills:
 - Level 1.7 Dodging
 - Level 1.7 Stealth
 - Level 2.0 Spellcasting
 - Level 1.0 Conjurations
 + Level 4.1 Air Magic


You had 3 spell levels left.
You knew the following spells:

 Your Spells              Type           Power      Damage    Failure   Level
a - Shock                 Conj/Air       40%        1d5       7%          1
b - Static Discharge      Conj/Air       10%        N/A       10%         2

Your spell library contained the following spells:

 Spells                   Type           Power      Damage    Failure   Level
 Swiftness                Air            15%        N/A       11%         3
 Airstrike                Air            7%         N/A       34%         4
 Lightning Bolt           Conj/Air       5%         1d17      88%         5


Dungeon Overview and Level Annotations

Branches:
Dungeon (2/15)

Altars:


Innate Abilities, Weirdness & Mutations

You have sharp toenails.


Message History

You hit the worm.
The worm is moderately wounded.
The worm bites you but does no damage.
You barely miss the worm.
The worm is moderately wounded.
The worm misses you.
Your magical contamination has completely faded away.
You barely miss the worm.
The worm is lightly wounded.
You hit the worm but do no damage. You claw the worm, but do no damage.
The worm is lightly wounded.
The worm barely misses you.
You hit the worm but do no damage.
The worm is lightly wounded.
The worm bites you.
You hit the worm.
The worm is lightly wounded.
The worm closely misses you.
You barely miss the worm.
The worm is lightly wounded.
The worm barely misses you.
You hit the worm. You claw the worm.
The worm is moderately wounded.
You hit the worm. Your kick misses the worm.
The worm is heavily wounded.
The worm bites you.
You hit the worm.
The worm is heavily wounded.
The worm bites you.
* * * LOW HITPOINT WARNING * * *
You hit the worm.
The worm is severely wounded.
The worm closely misses you.
You barely miss the worm.
The worm is severely wounded.
The worm misses you.
You hit the worm.
The worm is severely wounded.
The worm bites you!
You die...

...# #.# #### #.# #.#
#.# #.# #.# #########
##.####.......#
####...>.........#
#.....####..@w...#
##....###............
#.....###.#.......###
#.........#.......#
#^....#####.......#
##.............####
#####)......#######
...>...####.#
######## .#


You could see a worm.

Vanquished Creatures
  Jessica (D:2)
  3 ball pythons
  4 bats (D:1)
  An endoplasm (D:1)
  A goblin (D:1)
  2 hobgoblins
  3 jackals (D:1)
  3 frilled lizards (D:1)
  2 kobolds (D:1)
  4 rats
24 creatures vanquished.

Notes
Turn   | Place    | Note
-------+----------+-------------------------------------------
     0 | D:1      | Shayle the Demonspawn Air Elementalist began the quest for
                  | the Orb.
     0 | D:1      | Reached XP level 1. HP: 13/13 MP: 3/3
   168 | D:1      | Reached skill level 3 in Air Magic
   472 | D:1      | Gained mutation: You have sharp toenails. [demonic
                  | ancestry]
   472 | D:1      | Reached XP level 2. HP: 19/19 MP: 3/5
   642 | D:1      | Identified a scroll of acquirement
   642 | D:1      | Acquired a +1 cloak of stealth
   649 | D:1      | You fall into a shaft and drop 1 floor!
  1399 | D:2      | Learned a level 2 spell: Static Discharge
  1518 | D:2      | Noticed Jessica
  1523 | D:2      | Killed Jessica
  1524 | D:2      | Reached skill level 4 in Air Magic
  1524 | D:2      | Reached XP level 3. HP: 24/24 MP: 0/6
  1638 | D:2      | Slain by a worm

Illustrated notes

Levels and vault maps discovered:
D:1:      dpeg_arrival_boxes_within_box, layout_basic
D:2:      layout_loops_ring, uniq_jessica

Skill      XL: |  1  2 |
---------------+-------+-----
Air Magic      | 3 4 |  4.1
Dodging        | |  1.7
Stealth        | |  1.7
Spellcasting   | |  2.0
Conjurations   | |  1.0

Action                   || total
-------------------------++-------
Melee: Mace              ||    24
       Kick              ||     3
 Cast: Shock             ||    38
  Use: Scroll            ||     1
Armor: Robe              ||     3
Dodge: Dodged            ||    18

Table legend: (Time is in decaauts)
 A = Elapsed time spent in this place.
 B = Non-inter-level travel time spent in this place.
 C = Inter-level travel time spent in this place.
 D = Time resting spent in this place.
 E = Time spent auto-exploring this place.
 F = Levels seen in this place.
 G = Mean time per level.
                   A        B        C        D        E       F      G
               +--------+--------+--------+--------+--------+-----+--------+
         Total |   1647 |   1628 |     19 |     51 |   1323 |   2 |  823.5 |
       Dungeon |   1647 |   1628 |     19 |     51 |   1323 |   2 |  823.5 |
               +--------+--------+--------+--------+--------+-----+--------+

Top non-repeatable levels by time:
     D:1: 1249 daAuts
     D:2: 398 daAuts
